 Dungeon Crawl Stone Soup version 0.31.0-12-g77e489cdc1 (webtiles) character file.

Game seed: 16379353689073607581

36 chippings the Ruffian (level 3, 0/29 HPs)
             Began as a Draconian Shapeshifter on Mar 5, 2024.
             Slain by Crazy Yiuf
             ... wielding a +3 quarterstaff of chaos
              (7 damage)
             ... on level 2 of the Dungeon.
             The game lasted 00:01:37 (1026 turns).

chippings the Ruffian (Draconian Shapeshifter)      Turns: 1026, Time: 00:01:37

Health: 0/29       AC:  5    Str: 16    XL:     3   Next: 19%
Magic:  3/3        EV: 12    Int: 12    God:
Gold:   68         SH:  0    Dex: 10    Spells: 2/2 levels left

rFire   . .          .
                       - Unarmed
rCold   . . .        (no shield)
rNeg    . . .        (body armour unavailable)
rPois   .            (helmet currently unavailable)
rElec   .            (cloak currently unavailable)
rCorr   .            (gloves currently unavailable)
SInv    .            h - melded +2 pair of boots
Will    .....        (no amulet)
Stlth   +            (no ring)
HPRegen 0.24/turn    (no ring)
MPRegen 0.08/turn

%: no passive effects
@: beast-form, weakened
A: beast (slay +1), AC +5, unfitting armour, cold-blooded
a: Begin Untransformation


You were on level 2 of the Dungeon.
You were a hulking beast.
You visited 1 branch of the dungeon, and saw 2 of its levels.

You collected 68 gold pieces.

Inventory:

Armour
 h - a +2 pair of boots (melded)
Jewellery
 i - a ring of ice
Talismans
 b - a beast talisman (active)
 c - a flux talisman
Scrolls
 d - 2 scrolls of noise {unknown}
 e - 2 scrolls of enchant armour {unknown}
 f - 2 scrolls of enchant weapon {unknown}
 j - a scroll of blinking {unknown}
 l - a scroll of identify {unknown}
 m - a scroll of teleportation {unknown}
Potions
 a - a potion of lignification
 g - a potion of magic {unknown}
 k - a potion of haste {unknown}


   Skills:
 + Level 1.9 Fighting
 + Level 2.2 Dodging
 + Level 3.3 Unarmed Combat
 + Level 3.3 Shapeshifting


You had 2 spell levels left.
You didn't know any spells.
Your spell library was empty.

Dungeon Overview and Level Annotations

Branches:
Dungeon (2/15)

Altars:

Annotations:
D:2 Crazy Yiuf


Innate Abilities, Weirdness & Mutations

You are a hulking beast.
Your limbs bulge with bestial killing power. (Slay +1)
Your plain brown scales are hard. (AC +5)
You cannot fit into any form of body armour.
You are cold-blooded and may be slowed by cold attacks.


Message History

You tail-slap the hobgoblin, but do no damage.
The hobgoblin is heavily wounded.
A nearby plant withers and dies.
The hobgoblin barely misses you.
You hit the hobgoblin.
You kill the hobgoblin!
A nearby plant withers and dies.
You see here a hobgoblin corpse.
f - 2 scrolls labelled QEFYTA NYRHOT (gained 1) HP restored.
Found a hammer.
Found three hammers.
Found a runed translucent door.
You see here a +0 hammer.
Found a hammer.
Crazy Yiuf screams, "Cholesterol sizzlefizz ena!"
You see here a +0 hammer.
You open the door. You barely miss Crazy Yiuf. Crazy Yiuf barely misses you.
You hit Crazy Yiuf.
Crazy Yiuf is moderately wounded.
Crazy Yiuf completely misses you.
You hit Crazy Yiuf.
Crazy Yiuf is moderately wounded.
Crazy Yiuf closely misses you.
You hit Crazy Yiuf.
Your tail-slap misses Crazy Yiuf.
Crazy Yiuf is heavily wounded.
Crazy Yiuf hits you with a +3 quarterstaff of chaos!
Crazy Yiuf burns you.
You barely miss Crazy Yiuf.
You tail-slap Crazy Yiuf, but do no damage.
Crazy Yiuf is heavily wounded.
Crazy Yiuf barely misses you.
You punch Crazy Yiuf!
Crazy Yiuf is severely wounded.
Crazy Yiuf hits you with a +3 quarterstaff of chaos!
* * * LOW HITPOINT WARNING * * *
You feel your attacks grow feeble.
You barely miss Crazy Yiuf.
Crazy Yiuf is severely wounded.
Crazy Yiuf hits you with a +3 quarterstaff of chaos!
You die...

#+### .>..# #.#.#
....# ###♣♣♣♣♣ ....#
##....♣)♣♣♣ ###
....###......♣.)♣#...#
.<..##......♣♣♣♣hg)).#
#..........♣♣ ♣♣#..)#
#.#.######♣♣ ### ÷...#
#.#.# ....# #.###
##### #.## #...# ...#
###...###


You could see Crazy Yiuf.

Vanquished Creatures
  An adder (D:2)
  5 bats
  2 endoplasms (D:1)
  2 giant cockroaches (D:1)
  3 hobgoblins (D:2)
  5 jackals (D:1)
  3 kobolds
  2 goblins (D:1)
  A rat (D:1)
24 creatures vanquished.

Notes
Turn   | Place    | Note
-------+----------+-------------------------------------------
     0 | D:1      | chippings the Draconian Shapeshifter began the quest for
                  | the Orb.
     0 | D:1      | Reached XP level 1. HP: 16/16 MP: 1/1
   377 | D:1      | Reached XP level 2. HP: 15/23 MP: 2/2
   931 | D:2      | Reached XP level 3. HP: 22/29 MP: 3/3
  1015 | D:2      | Found a runed translucent door.
  1016 | D:2      | Noticed Crazy Yiuf
  1026 | D:2      | Slain by Crazy Yiuf

Illustrated notes

Levels and vault maps discovered:
D:1:      saegor_arrival_simple_c, layout_basic, nicolae_figureground_pulse
D:2:      cheibrodos_old_hovel, layout_loops_corners,
          ebering_ecumenical_altar_box, basic_altar, uniq_terence, uniq_sigmund,
          uniq_crazy_yiuf_cottage

Skill      XL: |  1 |
---------------+----+-----
Dodging        | 2 |  2.2
Fighting       | |  1.9
Unarmed Combat | |  3.3
Shapeshifting  | |  3.3

Action                     || total
---------------------------++-------
  Melee: Unarmed           ||    72
         Tailslap          ||     9
Ability: Begin Untransform ||     1
   Stab: Sleeping          ||     2
 Armour: Skin              ||    43
  Dodge: Dodged            ||    41
   Form: Beast             ||     1
